 Dungeon Crawl Stone Soup version 0.21-a0-578-gc6e9d75 (webtiles) character file.

7863 SpeedyPerson7 the Severer (level 11, -5/156 HPs)
             Began as a Minotaur Berserker on Dec 18, 2017.
             Was a High Priest of Trog.
             Slain by a gnoll
             ... wielding a +0 halberd
              (6 damage)
             ... in a bailey.
             The game lasted 00:06:41 (6624 turns).

SpeedyPerson7 the Severer (Minotaur Berserker)      Turns: 6624, Time: 00:06:41

Health: -5/156     AC:  9    Str: 29    XL:     11   Next: 2%
Magic:  10/10      EV:  9    Int:  4    God:    Trog [*****.]
Gold:   272        SH:  0    Dex: 11    Spells: 10/10 levels left

rFire    . . .     SeeInvis +   b - +2 war axe (drain)
rCold    . . .     Gourm    .   (no shield)
rNeg     . . .     Faith    .   m - +0 chain mail
rPois    +         Spirit   .   z - +0 mask of the Dragon {MR+ Slay+3 SInv}
rElec    .         Reflect  .   (no cloak)
rCorr    .         Harm     .   (no gloves)
MR       +....                  k - +0 pair of boots
Stlth    ..........             (no amulet)
HPRegen  0.36/turn              P - ring of poison resistance
MPRegen  0.12/turn              (no ring)

@: berserking, very quick
A: retaliatory headbutt, horns 2
a: Berserk, Trog's Hand, Brothers in Arms, Burn Spellbooks, Renounce Religion


You were in a bailey.
You worshipped Trog.
Trog was extremely pleased with you.
You were not hungry.

You visited 1 branch of the dungeon, and saw 10 of its levels.
You also visited: Bailey.

You collected 272 gold pieces.

Inventory:

Hand Weapons
 a - the +8 demon blade "Eniucz Acke" {flame, MP+9 Str+2 Int+2}
   (You took it off an orc on level 8 of the Dungeon)

   It has been specially enchanted to burn those struck by it, causing extra
   injury to most foes and up to half again as much damage against particularly
   susceptible opponents.
   Big, fiery blades are also staple armaments of hydra-hunters.
   It affects your strength (+2).
   It affects your intelligence (+2).
   It affects your magic capacity (+9).
 b - a +2 war axe of draining (weapon)
Armour
 k - a +0 pair of boots (worn)
 m - a +0 chain mail (worn)
 z - the +0 mask of the Dragon (worn) {MR+ Slay+3 SInv}
   (You found it on level 9 of the Dungeon)

   It affects your accuracy and damage with ranged weapons and melee attacks
   (+3).
   It affects your resistance to hostile enchantments.
   It lets you see invisible.
Jewellery
 P - a ring of poison resistance (left hand)
Wands
 v - a wand of random effects (35)
Scrolls
 g - a scroll of amnesia {unknown}
 h - 2 scrolls of enchant armour {unknown}
 i - a scroll of fear {unknown}
 l - 4 scrolls of remove curse {unknown}
 n - 3 scrolls of teleportation {unknown}
 o - 2 scrolls of blinking {unknown}
 p - 4 scrolls of identify {unknown}
 q - 2 scrolls of fog {unknown}
 s - a scroll of enchant weapon {unknown}
 u - a scroll of torment {unknown}
Potions
 d - 2 potions of cancellation {unknown}
 e - a potion of mutation {unknown}
 f - 3 potions of agility {unknown}
 j - 5 potions of heal wounds {unknown}
 r - a potion of might {unknown}
 t - 2 potions of magic {unknown}
 w - 2 potions of curing {unknown}
Comestibles
 c - 14 rations
 x - 4 chunks of flesh


   Skills:
 + Level 12.0 Fighting
 * Level 15.9 Axes
 - Level 2.4 Armour
 - Level 2.1 Dodging


You had 10 spell levels left.
You didn't know any spells.

Dungeon Overview and Level Annotations

Branches:
Dungeon (10/15)            Temple (0/1) D:7            Lair (0/6) D:8
    Orc: D:9-12

Altars:
Nemelex Xobeh
Sif Muna
Trog
Uskayaw

Shops:
D:9 [


Innate Abilities, Weirdness & Mutations

You reflexively headbutt those who attack you in melee.
You have a pair of horns on your head.


Message History

The gnoll shaman calls upon its god to speed up the gnoll sergeant.
The gnoll sergeant seems to speed up.
You slash the gnoll shaman! You headbutt the gnoll shaman.
You kill the gnoll shaman!
Trog accepts your kill.
Trog will gift you weapons as you gain piety.
You slash the gnoll sergeant! You barely miss the gnoll sergeant.
The gnoll sergeant barely misses you. You furiously retaliate!
You headbutt the gnoll sergeant. The gnoll barely misses you.
The gnoll sergeant hits you with a glaive!
* * * LOW HITPOINT WARNING * * *
The gnoll sergeant hits you with a glaive.
* * * LOW HITPOINT WARNING * * *
Things that are here:
a halberd; a ring mail You barely miss the gnoll sergeant.
You headbutt the gnoll sergeant!!
The gnoll sergeant is almost dead.
You barely miss the gnoll sergeant.
The gnoll hits you from afar with a halberd.
You die...

♣♣..≈..#.'..##...##...)#..≈♣
♣♣...≈..######.....###'##..≈♣
#♣♣♣...†)).'...#.).)...#......≈♣
#∩..∩..).).'...'.))8...')))...≈♣
#♣♣♣.......'...#..)$...#......≈♣
♣♣...≈..######.....###'##..≈♣
♣...≈..# +..##...##.)..#..≈♣
♣...≈..# #..g#####.....# .≈♣
♣♣..≈..# #..@.)'.......# .≈♣
♣♣.≈..# #..g))#......## ≈♣ .≈..#
#.8g..#...8.## #############


You could see 2 gnoll sergeants and a gnoll.

Vanquished Creatures
  2 two-headed ogres
  3 slime creatures (D:8)
  Joseph (D:9)
  A komodo dragon (D:9)
  2 hornets (D:8)
  A hippogriff (D:7)
  Eustachio (D:6)
  5 yaks (D:9)
  2 wargs (D:8)
  2 black bears
  A sky beast (D:6)
  An ice beast (D:9)
  An orc warrior (D:8)
  4 ogres
  5 centaurs
  3 bullfrogs
  6 gnoll sergeants (Bailey)
  A scorpion (D:9)
  13 killer bees
  2 howler monkeys (D:7)
  A crimson imp (D:6)
  6 gnoll shamans (Bailey)
  7 hounds
  2 jellies (D:7)
  An orc priest (D:9)
  A bullfrog skeleton (D:10)
  An iguana (D:7)
  A centaur skeleton (D:5)
  4 orc wizards
  4 worker ants
  2 hound zombies
  16 gnolls
  10 adders
  3 shadow imps
  2 oozes
  An adder zombie (D:4)
  2 adder skeletons
  A dart slug (D:1)
  A leopard gecko (D:6)
  20 orcs
  A ball python (D:2)
  A giant cockroach (D:3)
  11 goblins
  5 hobgoblins
  8 jackals
  7 kobolds
  8 quokkas
  3 bats
  A frilled lizard (D:1)
  A leopard gecko skeleton (D:7)
  A rat (D:3)
190 creatures vanquished.

Notes
Turn   | Place    | Note
-------+----------+-------------------------------------------
     0 | D:1      | SpeedyPerson7 the Minotaur Berserker began the quest for the Orb.
     0 | D:1      | Reached XP level 1. HP: 19/19 MP: 0/0
    50 | D:1      | Reached skill level 4 in Axes
    50 | D:1      | Reached XP level 2. HP: 27/27 MP: 1/1
   463 | D:2      | Reached XP level 3. HP: 33/33 MP: 2/2
   465 | D:2      | Reached skill level 5 in Axes
   610 | D:3      | Reached XP level 4. HP: 41/41 MP: 3/3
   643 | D:3      | Reached ** piety under Trog
  1409 | D:3      | Reached skill level 6 in Axes
  1460 | D:3      | Found a bloodstained altar of Trog.
  1571 | D:3      | Found a deep blue altar of Sif Muna.
  1675 | D:4      | Reached XP level 5. HP: 47/47 MP: 4/4
  1802 | D:4      | Reached skill level 5 in Fighting
  2007 | D:5      | Entered Level 5 of the Dungeon
  2071 | D:5      | Noticed a centaur
  2075 | D:5      | Killed a centaur
  2075 | D:5      | Reached skill level 7 in Axes
  2130 | D:5      | Reached XP level 6. HP: 53/56 MP: 5/5
  2249 | D:6      | Noticed a sky beast
  2265 | D:6      | Killed a sky beast
  2542 | D:6      | Noticed Eustachio
  2563 | D:6      | Reached skill level 8 in Axes
  2568 | D:6      | Killed Eustachio
  2568 | D:6      | Reached XP level 7. HP: 58/64 MP: 6/6
  2657 | D:6      | Found a hide-covered altar of Uskayaw.
  2700 | D:7      | Reached *** piety under Trog
  2724 | D:7      | Noticed a hippogriff
  2735 | D:7      | Killed a hippogriff
  2735 | D:7      | Reached skill level 9 in Axes
  2963 | D:7      | Reached XP level 8. HP: 73/73 MP: 7/7
  2964 | D:7      | Reached skill level 10 in Axes
  3001 | D:7      | Found a sparkling altar of Nemelex Xobeh.
  3002 | D:7      | Found a staircase to the Ecumenical Temple.
  3040 | D:7      | HP: 3/74 [howler monkey (2)]
  3067 | D:7      | Reached skill level 11 in Axes
  3741 | D:7      | Found a sparkling altar of Nemelex Xobeh.
  3896 | D:8      | Noticed a slime creature
  3897 | D:8      | Noticed a slime creature
  3897 | D:8      | Noticed a slime creature
  3897 | D:8      | Noticed a slime creature
  3904 | D:8      | Killed a large slime creature
  3904 | D:8      | Reached skill level 12 in Axes
  3904 | D:8      | Reached XP level 9. HP: 83/83 MP: 8/8
  3933 | D:8      | Found a staircase to the Lair.
  3969 | D:8      | Reached skill level 13 in Axes
  3972 | D:8      | Reached skill level 10 in Fighting
  4727 | D:8      | Got a jewelled demon blade {flame}
  4728 | D:8      | Identified the +8 demon blade "Eniucz Acke" {flame, MP+9 Str+2 Int+2} (You took it off an orc on level 8 of the Dungeon)
  4847 | D:9      | Noticed a komodo dragon
  4856 | D:9      | Killed a komodo dragon
  4856 | D:9      | Reached XP level 10. HP: 65/94 MP: 9/9
  4983 | D:9      | Reached skill level 14 in Axes
  4995 | D:9      | Reached **** piety under Trog
  5039 | D:9      | Found the +0 mask of the Dragon {MR+ Slay+3 SInv}
  5367 | D:9      | Noticed a two-headed ogre
  5371 | D:9      | Killed a two-headed ogre
  5371 | D:9      | Reached skill level 15 in Axes
  5471 | D:9      | Noticed Joseph
  5482 | D:9      | Killed Joseph
  5944 | D:9      | Found Nurergh's Armour Shoppe.
  5985 | D:10     | Entered Level 10 of the Dungeon
  6065 | D:10     | Noticed a two-headed ogre
  6070 | D:10     | Killed a two-headed ogre
  6285 | D:10     | Found a flagged portal.
  6295 | Bailey   | Entered a bailey
  6561 | Bailey   | Reached XP level 11. HP: 78/104 MP: 10/10
  6622 | Bailey   | Reached ***** piety under Trog
  6623 | Bailey   | HP: 3/156 [gnoll sergeant/glaive (17)]
  6623 | Bailey   | HP: 1/156 [gnoll sergeant/glaive (2)]
  6624 | Bailey   | Slain by a gnoll

Vault maps used:
D:1:      shiori_arrival_oz
D:3:      lemuel_blue_sif_altar, lemuel_coloured_pillars_altar
D:4:      uniq_duvessa
D:5:      first_ration
D:6:      old_standard_altar, uniq_eustachio
D:7:      nemelex_xobeh_ov_fountains_minmay, temple_statues,
          nemelex_spade_bored_becter, uniq_joseph
D:8:      erik_lair_orcish_takeover
D:9:      serial_co_window_serial, co_window_paths_a,
          co_window_of_opportunity_a, co_window_of_opportunity_a,
          co_window_corner_a, co_window_of_opportunity_a, co_window_corner_a,
          co_window_unsneaky_path_b, co_window_unsneaky_path_e,
          co_window_2corner, co_window_broadway_b, co_window_paths_d,
          co_window_4corner_a, glass_columns_c, glass_columns_b,
          glass_columns_a, glass_columns_a, glass_columns_b, serial_shops,
          kennysheep_mini_moat
D:10:     enter_bailey_3, minmay_misc_feat_five, hangedman_stone_soup
Bailey:   bailey_polearm_gnolls_kennysheep, bailey

Skill      XL: |  1  2  3  4  5  6  7  8  9 10 |
---------------+-------------------------------+-----
Axes           | 4 5 6 7 8 9 12 13 15 | 15.9
Fighting       | 4 5 6 7 9 10 12 | 12.0
Armour         | |  2.4
Dodging        | |  2.1

Action                   |  1- 3 |  4- 6 |  7- 9 | 10-12 || total
-------------------------+-------+-------+-------+-------++-------
Melee: Hand axe          |    40 |   134 |    27 |       ||   201
       Headbutt          |     8 |    17 |    36 |    26 ||    87
       War axe           |       |       |   112 |   143 ||   255
Invok: Berserk           |     1 |     2 |     6 |     4 ||    13
       Trog's Hand       |       |       |     2 |       ||     2
       Burn Spellbooks   |       |       |       |     1 ||     1
  Eat: Chunk             |       |     7 |     8 |     9 ||    24
       Ration            |       |       |     2 |       ||     2
Armor: Animal skin       |     5 |     7 |       |       ||    12
       Chain mail        |       |    64 |    76 |    45 ||   185
Dodge: Dodged            |    33 |    56 |    69 |    72 ||   230

Table legend:
 A = Spawn XP
 B = Non-spawn XP
 C = Spawn XP percentage of total XP
 D = Spawn monster count
 E = Non-spawn monster count
 F = Spawn count percentage of total count
 G = Total turns spent on level
                    A         B        C        D         E        F      G
               +---------+---------+-------+---------+---------+-------+---------
         Total |       0 |   11234 |   0.0 |       0 |     190 |   0.0 |  6624
               +---------+---------+-------+---------+---------+-------+---------
           D:1 |       0 |      29 |   0.0 |       0 |      14 |   0.0 |   384
           D:2 |       0 |      68 |   0.0 |       0 |      12 |   0.0 |   319
           D:3 |       0 |      97 |   0.0 |       0 |      21 |   0.0 |   923
           D:4 |       0 |      40 |   0.0 |       0 |       3 |   0.0 |   381
           D:5 |       0 |     283 |   0.0 |       0 |      16 |   0.0 |   204
           D:6 |       0 |     420 |   0.0 |       0 |       6 |   0.0 |   485
           D:7 |       0 |    1801 |   0.0 |       0 |      29 |   0.0 |  1173
           D:8 |       0 |    2531 |   0.0 |       0 |      22 |   0.0 |   976
           D:9 |       0 |    3748 |   0.0 |       0 |      30 |   0.0 |  1140
          D:10 |       0 |    1181 |   0.0 |       0 |      10 |   0.0 |   310
        Bailey |       0 |    1036 |   0.0 |       0 |      27 |   0.0 |   329
               +---------+---------+-------+---------+---------+-------+---------
